 Dungeon Crawl Stone Soup version 0.28-a0-1130-gc51a68064b (webtiles) character file.

Game seed: 6585430950791205359

390 rogsnak the Gusty (level 6, 0/41 HPs)
             Began as a Demonspawn Air Elementalist on Dec 13, 2021.
             Slain by Pikel (4 damage)
             ... on level 4 of the Dungeon.
             The game lasted 00:10:08 (5835 turns).

rogsnak the Gusty (Demonspawn Air Elementalist)     Turns: 5835, Time: 00:10:09

Health: 0/41       AC:  2    Str:  8    XL:     6   Next: 50%
Magic:  6/11       EV: 12    Int: 19    God:
Gold:   241        SH:  0    Dex: 13    Spells: 4/12 levels left

rFire   . . .      SeeInvis .   y - +1 whip (elec)
rCold   . . .      Faith    .   (no shield)
rNeg    . . .      Spirit   .   a - +0 robe
rPois   .          Reflect  .   (no helmet)
rElec   .          Harm     .   (no cloak)
rCorr   .          Rampage  .   (no gloves)
Will    .....                   (no boots)
Stlth   ++........              (no amulet)
HPRegen 0.13/turn               i - ring of wizardry
MPRegen 0.12/turn               (no ring)

@: no status effects
A: demonic guardian 1, foul stench 1, demonic touch 1
a: no special abilities


You were on level 4 of the Dungeon.
You visited 1 branch of the dungeon, and saw 5 of its levels.

You collected 241 gold pieces.

Inventory:

Hand Weapons
 b - a +0 whip
 k - a +0 flail
 v - a +4 dagger of pain
 w - a +0 dagger of draining
 y - a +1 whip of electrocution (weapon)
Missiles
 e - 101 stones
 m - 5 silver javelins
 q - 21 poisoned darts
Armour
 a - a +0 robe (worn)
Jewellery
 i - a ring of wizardry (left hand)
Wands
 z - a wand of flame (18)
 A - a wand of iceblast (2)
Scrolls
 c - 3 scrolls of identify {unknown}
 d - a scroll of enchant armour {unknown}
 f - a scroll of acquirement {unknown}
 g - a scroll of blinking {unknown}
 l - 2 scrolls of amnesia {unknown}
 p - a scroll of noise {unknown}
 t - 2 scrolls of teleportation {unknown}
Potions
 h - a potion of ambrosia {unknown}
 j - a potion of heal wounds {unknown}
 n - a potion of resistance {unknown}
 o - a potion of brilliance {unknown}
 r - a potion of degeneration {unknown}
 s - 4 potions of attraction {unknown}
 u - a potion of magic {unknown}
 x - a potion of invisibility {unknown}


   Skills:
 + Level 0.2 Fighting
 + Level 2.1 Dodging
 - Level 1.8 Stealth
 + Level 3.5 Spellcasting
 * Level 4.2 Conjurations
 + Level 4.3 Air Magic


You had 4 spell levels left.
You knew the following spells:

 Your Spells              Type           Power      Damage    Failure   Level
a - Shock                 Conj/Air       76%        1d7       1%          1
b - Swiftness             Air            20%        N/A       2%          3
c - Airstrike             Air            10%        N/A       10%         4

Your spell library contained the following spells:

 Spells                   Type           Power      Damage    Failure   Level
 Static Discharge         Conj/Air       19%        N/A       1%          2
 Dazzling Flash           Conj/Hex       22%        N/A       8%          3
 Silence                  Hex/Air        5%         N/A       52%         5
 Agony                    Necr           3%         N/A       82%         5


Dungeon Overview and Level Annotations

Branches:
Dungeon (5/15)
 Temple: D:4-7

Altars:

Shops:
D:1 (   D:2 *

Annotations:
D:3 Sigmund
D:4 Pikel


Innate Abilities, Weirdness & Mutations

A weak demonic guardian rushes to your aid.
You may rarely emit foul miasma when damaged in melee.
Your touch may inflict minor irresistible damage on your foes.


Message History

Pikel is lightly wounded.
The zap hits Pikel but does no damage.
Pikel is lightly wounded.
Pikel hits you with a +0 whip of freezing.
Pikel freezes you.
Casting: Shock (safe; 1% risk of failure)
Confirm with . or Enter, or press ? or * to list all spells.
Aiming: Shock (safe; 1% risk of failure)
Press: ? - help, Shift-Dir - straight line The zap hits Pikel.
Pikel is lightly wounded.
The zap hits Pikel.
Pikel is lightly wounded.
Pikel says, "You'll make a fine lemure."
Pikel hits you with a +0 whip of freezing!
Pikel freezes you.
You emit a cloud of foul miasma!
Casting: Shock (safe; 1% risk of failure)
Confirm with . or Enter, or press ? or * to list all spells.
Aiming: Shock (safe; 1% risk of failure)
Press: ? - help, Shift-Dir - straight line The zap misses Pikel. x2; Pikel is engulfed in dark miasma.
Pikel is poisoned.
Pikel seems to slow down.
Pikel hits you with a +0 whip of freezing.
A demonic guardian appears!
Pikel freezes you.
Unknown command.
Casting: Shock (safe; 1% risk of failure)
Confirm with . or Enter, or press ? or * to list all spells.
Aiming: Shock (safe; 1% risk of failure)
Press: ? - help, Shift-Dir - straight line The zap hits Pikel.
Pikel is heavily wounded.
Your demonic guardian avoids your attack. x2
The zap hits Pikel.
Pikel is heavily wounded.
Pikel is engulfed in dark miasma.
Pikel looks even sicker.
Pikel seems to slow down.
Pikel hits you with a +0 whip of freezing!
* * * LOW HITPOINT WARNING * * *
Pikel freezes you.
You die...

#........≈[≈.............#
#........≈≈≈.............#
#..............#########.#
#..............# #.#
#.#####....#.### #<# ###.#
###..#...# #####.# ....#
#.K###5# #.....#
###########..###K#####.#####
#.....<.........@......#
#.#.#####.#....#.#.#####
....# ##.#..#.#.#.## #.###
#....≈.≈≈.≈.≈#### #.#
###...≈≈.....≈..≈≈#### #.#
##≈≈≈≈≈≈≈≈≈≈≈≈≈.≈≈≈≈≈≈# #.#
#≈≈≈≈≈≈.≈≈≈≈≈≈≈.≈≈≈≈### #.#
#≈##..≈.......≈≈...## #.##≈≈
##...≈.≈≈....≈#.#


You could see Pikel (very poisoned, slow, ally target) and a friendly shadow imp
(summoned).

Vanquished Creatures
  An ice beast (D:4)
  2 lemures (D:5)
  A hound (D:4)
  Jessica (D:3)
  2 iguanas
  A gnoll (D:1)
  7 adders
  5 orcs
  4 ball pythons
  11 endoplasms
  A giant cockroach (D:2)
  6 goblins
  6 hobgoblins
  3 jackals (D:4)
  2 quokkas
  2 frilled lizards (D:1)
  5 kobolds
  4 rats
64 creatures vanquished.

Vanquished Creatures (collateral kills)
  A lemure (D:5)
  A water moccasin skeleton (D:4)
  A giant cockroach (D:1)
3 creatures vanquished.

Vanquished Creatures (others)
  A fungus (D:1)
  A plant (D:1)
2 creatures vanquished.

Grand Total: 69 creatures vanquished

Notes
Turn   | Place    | Note
-------+----------+-------------------------------------------
     0 | D:1      | rogsnak the Demonspawn Air Elementalist began the quest for
                  | the Orb.
     0 | D:1      | Reached XP level 1. HP: 13/13 MP: 3/3
    32 | D:1      | Gained mutation: A weak demonic guardian rushes to your
                  | aid. [demonic ancestry]
    32 | D:1      | Reached XP level 2. HP: 19/19 MP: 0/5
   224 | D:1      | Found Togeats's Weapon Shoppe.
   511 | D:1      | Found a faded altar of an unknown god.
  1178 | D:2      | Found Suphoe's General Store.
  1309 | D:2      | Gained mutation: You may rarely emit foul miasma when
                  | damaged in melee. [demonic ancestry]
  1309 | D:2      | Reached XP level 3. HP: 24/24 MP: 2/6
  2071 | D:2      | Reached XP level 4. HP: 30/30 MP: 1/7
  2314 | D:2      | Learned a level 3 spell: Swiftness
  2589 | D:3      | Noticed Jessica
  2593 | D:3      | Killed Jessica
  3164 | D:3      | Noticed Sigmund
  3711 | D:4      | Reached XP level 5. HP: 30/35 MP: 3/9
  4131 | D:4      | Noticed an ice beast
  4138 | D:4      | Learned a level 4 spell: Airstrike
  4160 | D:4      | Killed an ice beast
  4161 | D:4      | Gained mutation: Your touch may inflict minor irresistible
                  | damage on your foes. [demonic ancestry]
  4161 | D:4      | Reached XP level 6. HP: 41/41 MP: 2/11
  4952 | D:5      | Entered Level 5 of the Dungeon
  5164 | D:5      | Noticed Pikel
  5835 | D:4      | Slain by Pikel

Illustrated notes

Levels and vault maps discovered:
D:1:      zelgadis_glass_arrival_small, layout_loops_corners,
          shapermc_ecumenical_altar_mp_ritualfount, serial_shops,
          nicolae_square_shop
D:2:      minmay_alternating_diamond, layout_basic, serial_shops, shop
D:3:      layout_loops_ring, uniq_sigmund, uniq_jessica
D:4:      layout_basic, corexii_item_surrounded_by_moat,
          chequers_serial_rivers_small_3, hangedman_decor_push,
          kennysheep_path_1, minivault_5
D:5:      layout_cave_pods, guppyfry_early_orc_mine, uniq_blork_the_orc,
          uniq_grinder, uniq_pikel

Skill      XL: |  1  2  3  4  5  6 |
---------------+-------------------+-----
Air Magic      | 3 4 |  4.3
Dodging        | 2 |  2.1
Conjurations   | 3 4 |  4.2
Spellcasting   | 3 |  3.5
Fighting       | |  0.2
Stealth        | |  1.8

Action                   |  1- 3 |  4- 6 || total
-------------------------+-------+-------++-------
Melee: Whip              |    21 |    28 ||    49
       Flail             |    10 |       ||    10
       Touch             |       |     2 ||     2
 Cast: Shock             |    68 |   107 ||   175
       Swiftness         |       |     2 ||     2
Armor: Robe              |     3 |     3 ||     6
Dodge: Dodged            |    13 |    21 ||    34

Table legend: (Time is in decaauts)
 A = Elapsed time spent in this place.
 B = Non-inter-level travel time spent in this place.
 C = Inter-level travel time spent in this place.
 D = Time resting spent in this place.
 E = Time spent auto-exploring this place.
 F = Levels seen in this place.
 G = Mean time per level.
                   A        B        C        D        E       F      G
               +--------+--------+--------+--------+--------+-----+--------+
         Total |   5844 |   5739 |    105 |   1258 |   3496 |   5 | 1168.8 |
       Dungeon |   5844 |   5739 |    105 |   1258 |   3496 |   5 | 1168.8 |
               +--------+--------+--------+--------+--------+-----+--------+

Top non-repeatable levels by time:
     D:3: 1510 daAuts
     D:4: 1438 daAuts
     D:2: 1370 daAuts
     D:1: 1169 daAuts
     D:5: 356 daAuts
